 Dungeon Crawl Stone Soup version 0.23-a0-537-g04293e54a7 (webtiles) character file.

93200 D1HalberdGnoll the Brawler (level 15, -10/156 HPs)
             Began as a Troll Warper on Dec 7, 2018.
             Was a High Priest of Elyvilon.
             Mangled by a phantasmal warrior (illusionary) (30 damage)
             ... led by a death knight
             ... on level 15 of the Dungeon.
             The game lasted 00:54:16 (25187 turns).

D1HalberdGnoll the Brawler (Troll Warper)          Turns: 25187, Time: 00:54:16

Health: -10/156    AC: 12    Str: 24    XL:     15   Next: 60%
Magic:  15/15      EV: 14    Int: 13    God:    Elyvilon [*****.]
Gold:   1562       SH: 10    Dex: 13    Spells: 14/16 levels left

rFire    . . .     SeeInvis .     - Unarmed
rCold    . . .     Gourm    +   J - +0 shield
rNeg     . . .     Faith    .   w - +3 troll leather armour
rPois    .         Spirit   .   (helmet restricted)
rElec    .         Reflect  .   b - scarf {repulsion}
rCorr    .         Harm     .   (gloves unavailable)
MR       ++...                  (boots unavailable)
Stlth    +.........             j - amulet of the acrobat
HPRegen  1.16/turn              t - ring of protection from magic
MPRegen  0.14/turn              (no ring)

@: slowed, studying Maces & Flails, repel missiles, very slow
A: large, unfitting armour, claws 3, molten scales 1, clever 2, fast metabolism
3, gourmand, regeneration 1, shaggy fur 1, tough skin 2, wild magic 1
a: Lesser Healing, Heal Other, Purification, Greater Healing, Divine Vigour,
Divine Protection, Renounce Religion


You were on level 15 of the Dungeon.
You worshipped Elyvilon.
Elyvilon was extremely pleased with you.
You were very full.

You visited 4 branches of the dungeon, and saw 24 of its levels.

You collected 1562 gold pieces.

Inventory:

Hand Weapons
 L - a +0 flail
Missiles
 d - 3 tomahawks of dispersal
 k - 8 tomahawks
 C - 4 throwing nets (quivered)
Armour
 b - a scarf of repulsion (worn)
 q - the +4 robe of Augmentation {Str+4 Int+4 Dex+4}
   (You acquired it on level 8 of the Dungeon)

   It affects your strength (+4).
   It affects your intelligence (+4).
   It affects your dexterity (+4).
 w - a +3 troll leather armour (worn)
 J - a +0 shield (worn)
Jewellery
 j - an amulet of the acrobat (around neck)
 r - an uncursed ring of ice
 t - a ring of protection from magic (left claw)
Wands
 c - a wand of flame (18)
 u - a wand of enslavement (24)
 x - a wand of polymorph (10)
 y - a wand of random effects (67)
 E - a wand of clouds (9)
 I - a wand of digging (7)
 M - a wand of disintegration (35)
Scrolls
 a - 3 scrolls of identify
 e - 4 scrolls of amnesia
 g - 3 scrolls of enchant weapon
 i - a scroll of teleportation
 l - 3 scrolls of fog
 p - 8 scrolls of remove curse
 H - 3 scrolls of silence
 N - a scroll of brand weapon
Potions
 n - a potion of cancellation
 o - 4 potions of lignification
 s - 2 potions of agility
 v - 11 potions of curing
 z - 3 potions of brilliance
 A - 2 potions of haste
 B - 2 potions of resistance
 D - 2 potions of mutation
 F - 3 potions of magic
 G - 4 potions of flight
Books
 h - a manual of Maces & Flails
Comestibles
 f - 21 rations


   Skills:
 + Level 12.1 Fighting
 - Level 0.8 Throwing
 + Level 2.9 Armour
 - Level 10.0 Dodging
 + Level 5.6 Shields
 * Level 18.9 Unarmed Combat
 - Level 1.2 Spellcasting
 - Level 2.1 Translocations


You had 14 spell levels left.
You knew the following spells:

 Your Spells              Type           Power        Failure   Level  Hunger
a - Blink                 Tloc           N/A          45%         2    ###....

Your spell library contained the following spells:

 Spells                   Type           Power        Failure   Level  Hunger
 Animate Skeleton         Necr           N/A          63%         1    ##.....
 Confusing Touch          Hex            #.....       63%         1    ##.....
 Freeze                   Ice            #...         63%         1    ##.....
 Magic Dart               Conj           #...         63%         1    ##.....
 Pain                     Necr           #...         63%         1    ##.....
 Sandblast                Erth           #.....       63%         1    ##.....
 Summon Butterflies       Summ           #.......     63%         1    ##.....
 Summon Small Mammal      Summ           #...         63%         1    ##.....
 Shroud of Golubria       Chrm/Tloc      #.........   63%         2    ###....
 Gell's Gravitas          Tloc           #.........   69%         3    ####...
 Lesser Beckoning         Tloc           #.........   69%         3    ####...
 Teleport Other           Tloc           #.......     69%         3    ####...
 Call Imp                 Summ           #.......     77%         2    ###....
 Corpse Rot               Necr           N/A          77%         2    ###....
 Passwall                 Tmut/Erth      #.......     77%         2    ###....
 Searing Ray              Conj           #.....       77%         2    ###....
 Slow                     Hex            #.......     77%         2    ###....
 Throw Frost              Conj/Ice       #.....       77%         2    ###....
 Confuse                  Hex            #.......     93%         3    ####...
 Conjure Flame            Conj/Fire      #.......     93%         3    ####...
 Dazzling Spray           Conj/Hex       #.....       93%         3    ####...
 Mephitic Cloud           Conj/Pois/Air  #.......     93%         3    ####...
 Ozocubu's Armour         Chrm/Ice       #.......     93%         3    ####...
 Regeneration             Chrm/Necr      #.........   93%         3    ####...
 Stone Arrow              Conj/Erth      #.....       93%         3    ####...
 Vampiric Draining        Necr           #.........   93%         3    ####...
 Passage of Golubria      Tloc           N/A          97%         4    #####..
 Force Lance              Conj/Tloc      #.......     99%         4    #####..
 Animate Dead             Necr           N/A          100%        4    #####..
 Fulminant Prism          Conj/Hex       #.........   100%        4    #####..
 Iskenderun's Mystic Bla  Conj           #.......     100%        4    #####..
 Petrify                  Tmut/Erth      #.......     100%        4    #####..
 Summon Ice Beast         Ice/Summ       #.......     100%        4    #####..
 Throw Icicle             Conj/Ice       #.......     100%        4    #####..
 Agony                    Necr           #.......     100%        5    ######.
 Excruciating Wounds      Chrm/Necr      #.........   100%        5    ######.
 Lee's Rapid Deconstruct  Erth           #.........   100%        5    ######.
 Metabolic Englaciation   Hex/Ice        #.........   100%        5    ######.
 Yara's Violent Unravell  Hex/Tmut       #.........   100%        5    ######.
 Death Channel            Necr           #.........   100%        6    #######


Dungeon Overview and Level Annotations

Branches:
Dungeon (15/15)            Temple (1/1) D:5            Lair (6/6) D:8
 Shoals (0/4) Lair:2        Snake (0/4) Lair:2        Slime (2/5) Lair:5
    Orc (0/2) D:11         Vaults (0/5) D:14         Depths (0/5) D:15

Altars:
Ashenzari
Cheibriados
Dithmenos
Elyvilon
Fedhas
Gozag
Hepliaklqana
Kikubaaqudgha
Makhleb
Nemelex Xobeh
Okawaru
Qazlal
Ru
Sif Muna
Trog
Uskayaw
Vehumet
Wu Jian
Xom
Yredelemnul
Zin
The Shining One

Annotations:
D:7 exclusion: downstairs
D:13 exclusion: 2 doors
Lair:1 exclusion: downstairs
Lair:3 exclusion: oklob plant


Innate Abilities, Weirdness & Mutations

You are too large for most types of armour.
You have claws for hands.
Your metabolism is lightning-fast.
You like to eat raw meat.
Your natural rate of healing is unusually fast.
You are covered in fur. (AC +1)
You have very tough skin. (AC +2)
You are partially covered in molten scales. (AC +2)
Your mind is very acute. (Int +4)
Your spells are a little harder to cast, but a little more powerful.


Message History

The freezing wraith hits you but does no damage.
The freezing wraith hits you! The freezing wraith drains your vigour!
You feel as though you will be slow longer.
The phantasmal warrior barely misses you.
The phantasmal warrior hits you!
* * * LOW HITPOINT WARNING * * *
You barely miss the phantasmal warrior.
The phantasmal warrior is moderately damaged.
The centaur hits you!
* * * LOW HITPOINT WARNING * * *
The freezing wraith hits you.
* * * LOW HITPOINT WARNING * * *
The freezing wraith freezes you!!
* * * LOW HITPOINT WARNING * * *
The freezing wraith barely misses you. The freezing wraith hits you!
* * * LOW HITPOINT WARNING * * *
The freezing wraith freezes you!
* * * LOW HITPOINT WARNING * * *
The freezing wraith closely misses you. The phantasmal warrior hits you!!
You die...

.# #.....#.#.....(..
.# #.....###........
.# #.........)......
.#####................
...................#..
.............#####.# .
#######....R.#.....#..
#...ยง..#WW#W#.#
##...W.#.#@W.#
#.....#.WWc.#
#.....R.#..>#
#...####.####
########...# #..
...........# .#..
...........# # ...
........#.#. c.
...........# .


You could see a rakshasa, 3 phantasmal warriors, 2 freezing wraiths, a wraith
and a centaur.

Vanquished Creatures
  Rupert (D:12)
  Azrael (D:12)
  Snorg (Lair:5)
  Harold (Lair:2)
  4 ogre magi
  2 catoblepae
  A merfolk avatar (Lair:6)
  4 death knights
  5 centaur warriors
  9 two-headed ogres
  A queen ant (D:9)
  A tengu warrior (D:15)
  5 death yaks
  A hell knight (D:15)
  Nergalle (D:12)
  A sea snake (Lair:6)
  2 skeletal warriors
  An unseen horror (D:10)
  A deep elf archer (D:14)
  A phantasmal warrior (D:13)
  2 harpies (Lair:6)
  3 deep elf magi
  Pikel (D:3)
  A wolf spider zombie (D:15)
  5 manticores
  4 ugly things
  A cyclops (D:11)
  8 elephants
  4 black mambas
  A centaur zombie (D:13)
  Joseph (D:10)
  2 gargoyles
  13 spiny frogs
  2 torpor snails (Lair:2)
  6 centaur skeletons
  11 rime drakes
  8 komodo dragons
  5 yaktaurs (D:15)
  2 freezing wraiths
  2 tengu conjurers (D:15)
  2 trolls
  A hornet (Lair:6)
  3 meliai (D:15)
  2 wind drakes (Lair:6)
  2 polar bears (Lair:6)
  24 blink frogs
  13 slime creatures
  2 dream sheep (Lair:2)
  8 hippogriffs
  3 shadows
  2 spriggans
  A vampire (D:14)
  37 yaks
  6 basilisks
  5 wraiths
  3 wyverns
  A human (shapeshifter) (D:11)
  4 fire elementals (D:12)
  A steam dragon (shapeshifter) (D:15)
  A hungry ghost (D:14)
  Grum (D:10)
  Edmund (D:5)
  2 vampire mosquitoes (D:13)
  3 acid dragons
  4 nagas (Lair:2)
  3 hell hounds (D:12)
  20 soldier ants (D:9)
  19 water moccasins
  12 orc warriors
  2 black bears
  4 sky beasts
  6 porcupines
  2 eyes of draining
  10 ice beasts
  2 slaves (D:4)
  Ijyb (D:5)
  6 phantoms
  4 boggarts (D:15)
  7 wolves
  16 ogres
  16 centaurs
  9 crocodiles
  3 big kobolds
  Blork the orc (D:5)
  16 bullfrogs
  A water moccasin skeleton (D:6)
  2 wyvern skeletons
  6 scorpions
  5 howler monkeys
  5 wights
  An electric eel (D:14)
  14 crimson imps
  A quasit (D:15)
  16 orc priests
  4 bullfrog skeletons
  6 hounds
  4 jellies
  Natasha (D:4)
  6 iguanas
  13 orc wizards
  A hell rat (D:8)
  28 worker ants
  A killer bee zombie (D:10)
  A hound zombie (D:7)
  A hound skeleton (D:7)
  2 worker ant zombies
  12 adders
  8 shadow imps
  A white imp (D:10)
  3 adder skeletons
  5 worms
  A dart slug (D:4)
  5 leopard geckos
  72 orcs
  2 ball pythons
  4 giant cockroaches
  11 goblins
  5 hobgoblins
  19 jackals
  A quokka (D:9)
  5 bats
  4 frilled lizards
  11 kobolds
  A quokka skeleton (D:6)
  6 rats
  A fungus (Lair:5)
  2 plants
715 creatures vanquished.

Vanquished Creatures (collateral kills)
  A hydra (Lair:2)
  A crimson imp (D:5)
2 creatures vanquished.

Vanquished Creatures (others)
  2 yaks (Lair:3)
  A hell hound (D:12)
  An ice beast (D:5)
  A slave (D:4)
  A centaur (D:4)
  12 fungi
  6 plants
24 creatures vanquished.

Grand Total: 741 creatures vanquished

Notes
Turn   | Place    | Note
-------+----------+-------------------------------------------
     0 | D:1      | D1HalberdGnoll the Troll Warper began the quest for the
                  | Orb.
     0 | D:1      | Reached XP level 1. HP: 19/19 MP: 1/1
   139 | D:1      | Reached XP level 2. HP: 28/28 MP: 2/2
   596 | D:2      | Reached skill level 3 in Unarmed Combat
   596 | D:2      | Reached XP level 3. HP: 34/35 MP: 3/3
  1325 | D:3      | Reached XP level 4. HP: 10/44 MP: 4/4
  1341 | D:3      | Reached skill level 4 in Unarmed Combat
  1716 | D:3      | Reached XP level 5. HP: 28/50 MP: 5/5
  1720 | D:3      | Found an ornate altar of the Wu Jian Council.
  2208 | D:4      | Noticed a slave
  2208 | D:4      | Noticed a slave
  2211 | D:4      | Noticed a slave
  2212 | D:4      | Noticed a slave
  2213 | D:4      | Noticed Pikel
  2244 | D:4      | Killed a slave
  2254 | D:4      | Killed a slave
  2263 | D:4      | Gained mutation: You are partially covered in molten
                  | scales. (AC +2) [potion of mutation]
  2263 | D:4      | Gained mutation: Your spells are a little harder to cast,
                  | but a little more powerful. [potion of mutation]
  2263 | D:4      | Gained mutation: Your mind is acute. (Int +2) [potion of
                  | mutation]
  2263 | D:4      | Gained mutation: Your mind is very acute. (Int +4) [potion
                  | of mutation]
  2363 | D:3      | HP: 2/50 [Pikel/+2 whip of freezing (4)]
  2491 | D:3      | Killed Pikel
  2491 | D:3      | Reached skill level 6 in Unarmed Combat
  2491 | D:3      | Reached XP level 6. HP: 11/62 MP: 6/6
  2491 | D:3      | Reached XP level 7. HP: 12/68 MP: 7/7
  2740 | D:4      | Noticed Natasha
  2749 | D:4      | Killed Natasha
  2823 | D:4      | Reached skill level 7 in Unarmed Combat
  3251 | D:5      | Entered Level 5 of the Dungeon
  3307 | D:5      | Found a staircase to the Ecumenical Temple.
  3316 | D:5      | Noticed Blork the orc
  3325 | D:5      | Killed Blork the orc
  3364 | D:5      | Reached XP level 8. HP: 69/79 MP: 8/8
  3368 | Temple   | Entered the Ecumenical Temple
  3565 | D:5      | Reached skill level 8 in Unarmed Combat
  3657 | D:5      | Noticed Ijyb
  3712 | D:5      | Reached skill level 5 in Fighting
  3727 | D:5      | Killed Ijyb
  3850 | D:5      | Noticed Edmund
  3878 | D:5      | Killed Edmund
  3878 | D:5      | Reached skill level 9 in Unarmed Combat
  4499 | D:6      | Reached XP level 9. HP: 88/89 MP: 9/9
  4667 | D:6      | Learned a level 2 spell: Blink
  5019 | D:7      | Found a flagged portal.
  5023 | D:7      | Reached skill level 10 in Unarmed Combat
  5864 | D:8      | Reached skill level 11 in Unarmed Combat
  5941 | D:8      | Noticed a death yak
  5941 | D:8      | Noticed a death yak
  5963 | D:8      | Found a sacrificial altar of Ru.
  6160 | D:8      | Found a staircase to the Lair.
  6167 | D:8      | Reached XP level 10. HP: 94/100 MP: 10/10
  6323 | D:8      | Killed a death yak
  6323 | D:8      | Noticed a death yak
  6338 | D:8      | Killed a death yak
  6583 | D:8      | Killed a death yak
  6583 | D:8      | Reached skill level 5 in Dodging
  6583 | D:8      | Reached skill level 12 in Unarmed Combat
  6655 | D:8      | Found a glowing golden altar of the Shining One.
  6772 | D:8      | Identified a scroll of acquirement
  6773 | D:8      | Found the +4 robe of Augmentation {Str+4 Int+4 Dex+4}
  7424 | D:9      | Noticed a gargoyle
  7466 | D:9      | Reached XP level 11. HP: 106/111 MP: 11/11
  7868 | D:9      | Noticed a queen ant
  7871 | D:9      | Reached skill level 13 in Unarmed Combat
  7879 | D:9      | Killed a queen ant
  8803 | Lair:1   | Entered Level 1 of the Lair of Beasts
  9307 | Lair:1   | Reached skill level 14 in Unarmed Combat
  9985 | Lair:2   | Reached XP level 12. HP: 111/122 MP: 12/12
 10143 | Lair:2   | Noticed a death yak
 10143 | Lair:2   | Noticed a death yak
 10158 | Lair:2   | Killed a death yak
 10162 | Lair:2   | Killed a death yak
 10331 | Lair:2   | Noticed Harold
 10348 | Lair:2   | Killed Harold
 10464 | Lair:2   | Noticed a seven-headed hydra
 10728 | Lair:2   | Found a staircase to the Shoals.
 10746 | Lair:2   | Reached skill level 15 in Unarmed Combat
 11386 | Lair:5   | Noticed Snorg
 11403 | Lair:5   | Killed Snorg
 11442 | Lair:6   | Entered Level 6 of the Lair of Beasts
 11938 | Lair:6   | Noticed Urug
 11941 | Lair:6   | Noticed Urug
 11941 | Lair:6   | Urug changed into Urug the elephant
 11956 | Lair:6   | Killed Urug the elephant
 11962 | Lair:6   | Reached XP level 13. HP: 133/133 MP: 13/13
 12010 | Lair:6   | Reached skill level 10 in Fighting
 12547 | Lair:6   | Noticed Nessos
 12549 | Lair:6   | Noticed Nessos
 12549 | Lair:6   | Nessos changed into Nessos the sea snake
 12566 | Lair:6   | Killed Nessos the sea snake
 12574 | Lair:6   | Reached skill level 16 in Unarmed Combat
 13835 | Lair:5   | Found a staircase to the Slime Pits.
 13882 | Slime:1  | Entered Level 1 of the Pits of Slime
 14590 | Temple   | Became a worshipper of Elyvilon the Healer
 14697 | D:10     | Entered Level 10 of the Dungeon
 14781 | D:10     | Noticed Joseph
 14794 | D:10     | Killed Joseph
 15106 | D:10     | Reached * piety under Elyvilon
 15656 | D:10     | Noticed Grum
 15663 | D:10     | Killed Grum
 15705 | D:10     | Reached skill level 17 in Unarmed Combat
 15987 | Lair:2   | Reached XP level 14. HP: 138/144 MP: 14/14
 15999 | Lair:3   | Reached ** piety under Elyvilon
 16429 | Lair:2   | Found a staircase to the Snake Pit.
 16593 | Lair:2   | HP: 7/144 [seven-headed hydra (2)]
 17554 | Lair:4   | Reached skill level 1 in Shields
 17602 | Lair:4   | Reached *** piety under Elyvilon
 17633 | Lair:4   | Noticed Sonja
 17634 | Lair:4   | Noticed Sonja
 17634 | Lair:4   | Sonja changed into Sonja the yak
 17642 | Lair:4   | Killed Sonja the yak
 18594 | Lair:5   | Reached **** piety under Elyvilon
 19033 | Lair:6   | HP: 7/146 [drowned by a drowned soul[a merfolk avatar]
                  | (13)]
 19037 | Lair:6   | Identified the Catalogue of Supportive Darkness
 20085 | D:11     | Reached skill level 10 in Dodging
 20121 | D:11     | Found a staircase to the Orcish Mines.
 21015 | D:12     | Noticed Azrael
 21052 | D:12     | Killed Azrael
 21113 | D:12     | Reached ***** piety under Elyvilon
 21113 | D:12     | Noticed Rupert
 21120 | D:12     | Noticed Nergalle
 21128 | D:12     | Elyvilon protects you from harm!
 21471 | D:12     | Killed Nergalle
 21643 | D:12     | Killed Rupert
 22113 | D:13     | Reached skill level 18 in Unarmed Combat
 23124 | D:14     | Found a gate to the Vaults.
 23159 | D:14     | Reached XP level 15. HP: 71/156 MP: 15/15
 23924 | D:14     | Reached skill level 1 in Armour
 24237 | D:15     | Entered Level 15 of the Dungeon
 24322 | D:15     | Reached skill level 5 in Shields
 24955 | D:15     | Found an iron altar of Okawaru.
 25183 | D:15     | Found a staircase to the Depths.
 25187 | D:15     | Mangled by a phantasmal warrior (illusionary)

Vault maps used:
D:1:      wander_arrival_abandoned_jail, minmay_stone_trees_small
D:2:      serial_rivers, chequers_serial_rivers_large_a,
          chequers_serial_rivers_micro_b, chequers_serial_rivers_room_b,
          chequers_serial_rivers_micro_b, chequers_serial_rivers_marsh
D:3:      lemuel_doored_altar
D:4:      first_ration, serial_bayou_pond_c, dk_vineyard_3, minmay_manual_mares,
          uniq_pikel, uniq_natasha
D:5:      minmay_temple_entry_statues_pillars, uniq_ijyb, uniq_edmund,
          uniq_blork_the_orc
D:7:      enter_bailey_8
D:8:      dpeg_lair_monsters, basic_altar, the_bakery, corexii_corridor_pit,
          nicolae_tso_carved_into_rock
D:9:      minmay_s_stair_smasher, grunt_decor_fettered, minivault_29
D:10:     roderic_lattice_a, minmay_nine_imps, uniq_grum, uniq_joseph
D:11:     david_orc_2
D:12:     st_stairs_11, spider_trap, grunt_ministairs_8, uniq_azrael,
          uniq_rupert, uniq_nergalle
D:14:     hangedman_vaults_entry_quadrant_bands, serial_bayou_shore_a,
          special_room
D:15:     hangedman_depths_entry_civil_slaughter, okawaru_ov_weapons_minmay,
          mikee_hates_you
Temple:   kilobyte_greek_temple
Lair:1:   serial_bayou_pond_e, grunt_forest_large_clearing_hut
Lair:2:   minmay_shoals_entry_beasts, minmay_snake_entry_guardpost_medium,
          portal_ice_cave_entry_ice_beasts, uniq_harold
Lair:3:   minmay_lair_oklob_chamber, lemuel_fruit_fields
Lair:4:   minivault_27, st_stairs_11, infiniplex_staircase_pool_2, uniq_sonja
Lair:5:   slime_dummy, uniq_snorg
Lair:6:   gammafunk_lair_ancient_temple, nicolae_volcano_entry_s_turn,
          st_stairs_6, minivault_25, uniq_urug, uniq_nessos
Slime:1:  nicolae_slime_barrier

Skill      XL: |  1  2  3  4  5  6  7  8  9 10 11 12 13 14 15 |
---------------+----------------------------------------------+-----
Fighting       | 2 3 4 5 6 7 8 9 10 11 12 | 12.1
Unarmed Combat | 3 4 6 7 9 11 12 14 15 17 18 | 18.9
Dodging        | 2 4 5 7 8 9 10 | 10.0
Shields        | 4 5 |  5.6
Armour         | 2 |  2.9
Throwing       | |  0.8
Spellcasting   | |  1.2
Translocations | |  2.1

Action                   |  1- 3 |  4- 6 |  7- 9 | 10-12 | 13-15 || total
-------------------------+-------+-------+-------+-------+-------++-------
Melee: Unarmed           |    80 |   114 |   350 |   552 |  1215 ||  2311
       Punch             |     1 |     2 |     9 |    59 |    40 ||   111
       Flail             |       |       |       |       |     7 ||     7
Throw: Tomahawk          |       |     4 |       |       |       ||     4
Invok: Lesser Healing    |       |       |       |       |     3 ||     3
       Greater Healing   |       |       |       |       |     4 ||     4
Evoke: Wand              |       |       |     3 |     7 |    27 ||    37
  Use: Potion            |       |     5 |     1 |     2 |    13 ||    21
       Scroll            |       |       |    13 |    11 |    21 ||    45
 Stab: Sleeping          |       |     1 |       |     1 |     1 ||     3
  Eat: Chunk             |     8 |     7 |    37 |    52 |    90 ||   194
       Ration            |       |     1 |     2 |       |     9 ||    12
Armor: Robe              |    21 |    30 |   123 |   117 |   196 ||   487
       Skin              |       |       |     5 |       |       ||     5
       Troll leather arm |       |       |       |       |    39 ||    39
Dodge: Dodged            |    41 |    40 |   174 |   330 |   745 ||  1330
       Deflected         |       |       |     1 |     4 |    22 ||    27
Block: Shield            |       |       |       |       |   342 ||   342

Table legend:
 A = Non-vault XP
 B = Vault XP
 C = Vault XP percentage of total XP
 D = Non-vault monster count
 E = Vault monster count
 F = Vault count percentage of total count
                 A         B        C        D         E       F
            +---------+---------+-------+---------+---------+-------
      Total |   85480 |   47663 |  35.8 |     522 |     191 |  26.8
            +---------+---------+-------+---------+---------+-------
        D:1 |      27 |       0 |   0.0 |      16 |       0 |   0.0
        D:2 |      46 |       0 |   0.0 |      14 |       0 |   0.0
        D:3 |     132 |     617 |  82.4 |      27 |       1 |   3.6
        D:4 |     273 |     103 |  27.4 |      12 |       2 |  14.3
        D:5 |     925 |     393 |  29.8 |      25 |       3 |  10.7
        D:6 |     632 |       0 |   0.0 |      16 |       0 |   0.0
        D:7 |    1599 |       0 |   0.0 |      45 |       0 |   0.0
        D:8 |    1593 |    3431 |  68.3 |      18 |      10 |  35.7
        D:9 |    1954 |    5166 |  72.6 |      24 |      43 |  64.2
       D:10 |    4368 |    1233 |  22.0 |      28 |      13 |  31.7
       D:11 |    3129 |      24 |   0.8 |      29 |       8 |  21.6
       D:12 |    5093 |    7655 |  60.0 |      26 |      15 |  36.6
       D:13 |    8080 |       0 |   0.0 |      41 |       0 |   0.0
       D:14 |    4987 |    8839 |  63.9 |      21 |      40 |  65.6
       D:15 |   16857 |    3936 |  18.9 |      50 |       5 |   9.1
     Lair:1 |    3746 |    1059 |  22.0 |      13 |       3 |  18.8
     Lair:2 |    7733 |    3476 |  31.0 |      25 |      15 |  37.5
     Lair:3 |    1720 |       0 |   0.0 |       9 |       0 |   0.0
     Lair:4 |    3092 |     914 |  22.8 |      12 |       4 |  25.0
     Lair:5 |    9189 |    2347 |  20.3 |      36 |       5 |  12.2
     Lair:6 |    9775 |    8470 |  46.4 |      33 |      24 |  42.1
    Slime:1 |     530 |       0 |   0.0 |       2 |       0 |   0.0
            +---------+---------+-------+---------+---------+-------
